 Dungeon Sprint DCSS version 0.20-a0-633-gff4aa5c (webtiles) character file.

493 useraccount the Fanfare of Bloodshed (level 7, -7/59 HPs)
             Began as a Formicid Fighter on Feb 12, 2017.
             Was a Believer of Makhleb.
             Mangled by a manticore (9 damage)
             ... in the Dungeon (Sprint IX: "|||||||||||||||||||||||||||||").
             The game lasted 00:01:22 (332 turns).

useraccount the Fanfare of Bloodshed (FoFi)          Turns: 332, Time: 00:01:23

Health: -7/59      AC: 12    Str: 25    XL:     7   Next: 37%
Magic:  13/13      EV:  9    Int: 11    God:    Makhleb [**....]
Gold:   0          SH: 11    Dex: 10    Spells: 6/6 levels left

rFire    . . .     SeeInvis +   a - +2 scimitar (venom)
rCold    . . .     Gourm    .   j - +1 chain mail
rNeg     . . .     Faith    .   c - +0 shield
rPois    .         Spirit   .   (helmet unavailable)
rElec    .         Reflect  .   h - +0 cloak
rCorr    .         Harm     .   (no gloves)
MR       .....                  (no boots)
Stlth    ..........             (no amulet)
Regen    0.2/turn               r - +3 ring of strength
                                k - +3 ring of intelligence

@: no status effects
A: permanent stasis, dig shafts and tunnels, four strong arms, antennae 3
a: Dig, Minor Destruction, Renounce Religion


You were in the Dungeon.
You worshipped Makhleb.
Makhleb was pleased with you.
You were not hungry.

You visited 1 branch

Inventory:

Hand Weapons
 a - a +2 scimitar of venom (weapon)
 b - the +2 rapier "Toshuzec" {antimagic, *Noise rF+++ rC+}
   (You found it in the Dungeon)

   It reduces the magical energy of the wielder, and disrupts the spells and
   magical abilities of those hit.
   Natural abilities and divine invocations are not affected.
   It renders you almost immune to fire.
   It protects you from cold.
   It may make noises in combat.
Armour
 c - a +0 shield (worn)
 h - a +0 cloak (worn)
 j - a +1 chain mail (worn)
Jewellery
 k - a +3 ring of intelligence (left hand)
 r - a +3 ring of strength (right hand)
Wands
 p - a wand of acid (7/15)
Scrolls
 n - 3 scrolls of remove curse
 o - 2 scrolls of amnesia
Potions
 d - a potion of might
 e - 5 potions of curing
 g - 3 potions of heal wounds
 i - 4 potions of magic
 m - a potion of invisibility
Comestibles
 f - a bread ration
 l - 5 chunks of flesh


   Skills:
 + Level 6.7 Fighting
 * Level 8.0 Long Blades
 + Level 6.7 Armour
 + Level 4.6 Dodging
 + Level 7.3 Shields
 * Level 8.1 Invocations


You had 6 spell levels left.
You didn't know any spells.

Dungeon Overview and Level Annotations

Branches:
Dungeon (1/1)

Altars:
Cheibriados
Dithmenos
Elyvilon
Fedhas
Gozag
Hepliaklqana
Kikubaaqudgha
Makhleb
Nemelex Xobeh
Okawaru
Qazlal
Ru
Sif Muna
Trog
Uskayaw
Vehumet
Xom
Yredelemnul
Zin
The Shining One
Beogh
Jiyva
Lugonu


Innate Abilities, Weirdness & Mutations

You cannot be hasted, slowed, berserked, paralysed or teleported.
You can dig through walls and to a lower floor.
Your four strong arms can wield two-handed weapons with a shield.
You have a pair of large antennae on your head. (SInv)


Message History

You block the manticore's attack.
You completely miss the manticore.
The manticore is severely wounded.
The manticore bites you! The manticore claws you.
You block the manticore's attack.
You are too injured to fight recklessly!
You are too injured to fight recklessly!
You slash the manticore!
The manticore is poisoned.
The manticore is almost dead.
The manticore completely misses you. You block the manticore's attack.
The manticore claws you but does no damage.
The manticore bites you!
* * * LOW HITPOINT WARNING * * *
The manticore claws you but does no damage.
You block the manticore's attack.
You hit the manticore but do no damage.
The manticore looks as sick as possible!
The manticore is almost dead.
The manticore bites you!
You die... { {{{{{{{{ { { ▓▓▓▓▓▓▓▓▓▓▓▓▓▓▓▓▓▓▓▓▓▓▓▓ '..|).[[..(.)...@HucZo.. ▓▓▓▓▓▓▓▓▓▓▓▓▓▓▓▓▓▓▓▓▓▓▓▓

You could see a purple ugly thing, a centaur warrior, a manticore, an orc and a leopard gecko skeleton.

Vanquished Creatures
  A wyvern (D)
  A black bear (D)
  An ice beast (D)
  A centaur (D)
  A scorpion (D)
  A worker ant (D)
  An adder (D)
  A shadow imp (D)
  An adder zombie (D)
  A dart slug (D)
  A giant cockroach (D)
  A goblin (D)
  A bat (D)
  A giant cockroach zombie (D)
  A kobold (D)
  A leopard gecko zombie (D)
  A rat (D)
17 creatures vanquished.

Notes
Turn   | Place    | Note
-------+----------+-------------------------------------------
     0 | D        | useraccount the Formicid Fighter began the quest for the Orb.
     0 | D        | Reached XP level 1. HP: 18/18 MP: 1/1
    15 | D        | Reached XP level 2. HP: 23/25 MP: 2/2
    37 | D        | Reached skill level 1 in Dodging
    50 | D        | Reached XP level 3. HP: 20/30 MP: 3/3
   150 | D        | Found a roughly hewn altar of Beogh.
   150 | D        | Found a snail-covered altar of Cheibriados.
   150 | D        | Found a shadowy altar of Dithmenos.
   150 | D        | Found a white marble altar of Elyvilon.
   150 | D        | Found a blossoming altar of Fedhas.
   150 | D        | Found an opulent altar of Gozag.
   151 | D        | Found a hazy altar of Hepliaklqana.
   152 | D        | Found a viscous altar of Jiyva.
   153 | D        | Found an ancient bone altar of Kikubaaqudgha.
   154 | D        | Found a corrupted altar of Lugonu.
   157 | D        | Found a burning altar of Makhleb.
   158 | D        | Found a sparkling altar of Nemelex Xobeh.
   159 | D        | Found an iron altar of Okawaru.
   160 | D        | Found a stormy altar of Qazlal.
   161 | D        | Found a sacrificial altar of Ru.
   162 | D        | Found a deep blue altar of Sif Muna.
   163 | D        | Found a bloodstained altar of Trog.
   164 | D        | Found a hide-covered altar of Uskayaw.
   165 | D        | Found a radiant altar of Vehumet.
   166 | D        | Found a shimmering altar of Xom.
   167 | D        | Found a basalt altar of Yredelemnul.
   168 | D        | Found a glowing silver altar of Zin.
   169 | D        | Found a glowing golden altar of the Shining One.
   179 | D        | Became a worshipper of Makhleb the Destroyer
   202 | D        | Got the +2 rapier "Toshuzec" {antimagic, *Noise rF+++ rC+}
   244 | D        | Noticed a scorpion
   244 | D        | Noticed a wyvern
   244 | D        | Noticed a black bear
   244 | D        | Noticed a centaur
   246 | D        | Killed a scorpion
   246 | D        | Reached skill level 5 in Shields
   246 | D        | Reached XP level 4. HP: 38/38 MP: 3/6
   252 | D        | Killed a wyvern
   252 | D        | Reached skill level 5 in Fighting
   252 | D        | Reached skill level 5 in Armour
   252 | D        | Reached skill level 5 in Invocations
   252 | D        | Reached XP level 5. HP: 41/46 MP: 3/9
   252 | D        | Reached XP level 6. HP: 47/52 MP: 3/10
   253 | D        | Reached * piety under Makhleb
   258 | D        | Killed a black bear
   262 | D        | Reached ** piety under Makhleb
   262 | D        | Reached XP level 7. HP: 50/59 MP: 5/12
   318 | D        | Noticed a manticore
   318 | D        | Noticed a purple ugly thing
   318 | D        | Noticed a centaur warrior
   331 | D        | HP: 2/59 [manticore (16)]
   332 | D        | Mangled by a manticore

Vault maps used:
D:        linesprint

Skill      XL: |  1  2  3  4  5  6  7 |
---------------+----------------------+-----
Shields        | 4 5 6 7 |  7.3
Long Blades    | 3 4 6 7 8 |  8.0
Dodging        | 1 2 3 4 |  4.6
Fighting       | 4 5 6 |  6.7
Armour         | 4 5 6 |  6.7
Invocations    | 3 5 7 8 |  8.1

Action                   |  1- 3 |  4- 6 |  7- 9 || total
-------------------------+-------+-------+-------++-------
Melee: Long sword        |    26 |       |       ||    26
       Scimitar          |     2 |    14 |    14 ||    30
Armor: Scale mail        |     6 |       |       ||     6
       Chain mail        |     2 |     8 |     9 ||    19
Dodge: Dodged            |     5 |     4 |     7 ||    16
Block: Shield            |     7 |    10 |     9 ||    26
       Rpst.: Long sword |     2 |       |       ||     2
       Scimitar          |       |     1 |       ||     1
